 Dungeon Crawl Stone Soup version 0.24.0-37-gcf1ca852f1 (webtiles) character file.

Game seed: 9771962673998123213, levelgen mode: deterministic

1710 Peloso the Carver (level 8, -12/70 HPs)
             Began as a Minotaur Fighter on Dec 7, 2019.
             Was a Follower of Okawaru.
             Mangled by Gastronok (27 damage)
             ... on level 8 of the Dungeon.
             The game lasted 00:09:53 (4921 turns).

Peloso the Carver (Minotaur Fighter)                Turns: 4921, Time: 00:09:54

Health: -12/70     AC: 16    Str: 27    XL:     8   Next: 74%
Magic:  6/7        EV:  8    Int:  5    God:    Okawaru [*.....]
Gold:   376        SH: 11    Dex: 11    Spells: 7/7 levels left

rFire    . . .     SeeInvis .   a - +2 long sword (holy)
rCold    . . .     Gourm    .   c - +0 shield (curse)
rNeg     . . .     Faith    .   q - +3 chain mail
rPois    +         Spirit   .   (helmet restricted)
rElec    .         Reflect  .   A - scarf {repulsion}
rCorr    .         Harm     .   v - +0 pair of gloves
MR       .....     Rnd*Tele +   k - +0 pair of boots
Stlth    ..........             h - amulet of rage
HPRegen  0.21/turn              e - ring of poison resistance
MPRegen  0.10/turn              y - ring of teleportation (curse)

@: mighty, slowed, repel missiles, very slow
A: retaliatory headbutt, horns 2
a: Heroism, Renounce Religion, Evoke Berserk Rage


You were on level 8 of the Dungeon.
You worshipped Okawaru.
Okawaru was aware of your devotion.
You were not hungry.

You visited 2 branches of the dungeon, and saw 8 of its levels.

You collected 376 gold pieces.

Inventory:

Hand Weapons
 a - a +2 long sword of holy wrath (weapon)
Armour
 b - a +0 scale mail
 c - a cursed +0 shield (worn)
 k - a +0 pair of boots (worn)
 q - a +3 chain mail (worn)
 v - a +0 pair of gloves (worn)
 A - a scarf of repulsion (worn)
Jewellery
 e - a ring of poison resistance (left hand)
 g - an uncursed ring of magical power
 h - an amulet of rage (around neck)
 y - a cursed ring of teleportation (right hand)
 B - an uncursed ring of ice {unknown}
Wands
 r - a wand of random effects (22)
 t - a wand of digging (4)
Scrolls
 i - a scroll of remove curse {unknown}
 j - a scroll of blinking
 l - a scroll of identify
 n - a scroll of enchant weapon
 o - 3 scrolls of magic mapping {unknown}
 s - a scroll of fear {unknown}
 u - a scroll of enchant armour
 w - a scroll of vulnerability {unknown}
 x - 2 scrolls of teleportation
 z - a scroll of noise {unknown}
Potions
 m - 2 potions of heal wounds
 p - a potion of haste
Comestibles
 f - 13 rations


   Skills:
 + Level 6.2 Fighting
 + Level 8.2 Long Blades
 + Level 7.3 Armour
 + Level 2.6 Dodging
 + Level 0.6 Stealth
 + Level 7.2 Shields


You had 7 spell levels left.
You didn't know any spells.
Your spell library was empty.

Dungeon Overview and Level Annotations

Branches:
Dungeon (6/15)             Temple (1/1) D:5

Altars:
Ashenzari
Cheibriados
Dithmenos
Elyvilon
Fedhas
Kikubaaqudgha
Makhleb
Nemelex Xobeh
Okawaru
Qazlal
Ru
Sif Muna
Trog
Vehumet
Wu Jian
Xom
Yredelemnul
Zin
The Shining One

Annotations:
D:8 Gastronok


Innate Abilities, Weirdness & Mutations

You reflexively headbutt those who attack you in melee.
You have a pair of horns on your head.


Message History

Gastronok is heavily wounded.
You feel like a meek peon again. The orc hits you but does no damage.
Gastronok waves his eye-stalks in wide circles.
The air twists around and strikes you!!
You slice Gastronok!!
Gastronok is severely wounded.
The orc hits you but does no damage.
Gastronok waves his eye-stalks in wide circles.
The air twists around and strikes you!!
* * * LOW HITPOINT WARNING * * *
You slash Gastronok! You headbutt Gastronok!
Gastronok is severely wounded.
The orc hits you with a +0 whip.
* * * LOW HITPOINT WARNING * * *
You block the orc's attack.
You slash Gastronok! You headbutt Gastronok!
Gastronok is almost dead.
You block the orc's attack. Gastronok bites you!!
You die...

. .. ####### #...
.......###### ##.....
#...)).######...#
########.....w@..#
#....).>.##..o#####.
............#....F..Zw.
............)..##.b..#.
...............# ......
.....................##
..............#.!....#
................#......
............?.....####.


You could see Gastronok and an orc.

Vanquished Creatures
  Prince Ribbit (D:5)
  A hippogriff (D:4)
  Eustachio (D:5)
  Menkaure (D:5)
  Duvessa (D:4)
  An orc warrior (D:8)
  2 ice beasts
  A phantom (D:4)
  A bullfrog (D:8)
  Dowan (D:4)
  An orc priest (D:8)
  2 bullfrog skeletons
  An iguana (D:4)
  Terence (D:3)
  4 orc wizards (D:8)
  3 worker ants
  A hound zombie (D:8)
  A worker ant zombie (D:3)
  Robin (D:3)
  5 adders
  2 shadow imps (D:5)
  2 oozes (D:5)
  A worm (D:2)
  5 dart slugs
  A leopard gecko (D:2)
  9 orcs
  3 giant cockroaches
  23 goblins
  4 hobgoblins
  6 kobolds
  2 quokkas
  2 ball pythons
  6 bats
  4 frilled lizards
  A quokka skeleton (D:4)
  4 rats
106 creatures vanquished.

Notes
Turn   | Place    | Note
-------+----------+-------------------------------------------
     0 | D:1      | Peloso the Minotaur Fighter began the quest for the Orb.
     0 | D:1      | Reached XP level 1. HP: 19/19 MP: 0/0
   220 | D:1      | Reached XP level 2. HP: 27/27 MP: 1/1
  1061 | D:2      | Reached skill level 3 in Long Blades
  1061 | D:2      | Reached XP level 3. HP: 17/33 MP: 2/2
  1466 | D:2      | Reached XP level 4. HP: 41/41 MP: 3/3
  1735 | D:3      | Noticed Robin
  1761 | D:3      | Killed Robin
  1906 | D:3      | Reached XP level 5. HP: 47/47 MP: 4/4
  2003 | D:3      | Noticed Terence
  2012 | D:3      | Killed Terence
  2012 | D:3      | Reached skill level 1 in Dodging
  2300 | D:3      | Found a shimmering altar of Xom.
  2335 | D:4      | Found a sparkling altar of Nemelex Xobeh.
  2335 | D:4      | Found a burning altar of Makhleb.
  2335 | D:4      | Found a snail-covered altar of Cheibriados.
  2335 | D:4      | Found a sacrificial altar of Ru.
  2335 | D:4      | Found a shimmering blue altar of Sif Muna.
  2370 | D:4      | Reached skill level 4 in Long Blades
  2370 | D:4      | Reached skill level 5 in Shields
  2372 | D:4      | Found a glowing silver altar of Zin.
  2375 | D:4      | Found an ornate altar of the Wu Jian Council.
  2434 | D:4      | Noticed Dowan
  2434 | D:4      | Noticed Duvessa
  2436 | D:4      | Killed Dowan
  2445 | D:4      | Killed Duvessa
  2445 | D:4      | Reached XP level 6. HP: 25/55 MP: 5/5
  2481 | D:4      | Found a basalt altar of Yredelemnul.
  2538 | D:4      | Reached skill level 5 in Long Blades
  2808 | D:4      | Found a white marble altar of Elyvilon.
  2933 | D:4      | Noticed a hippogriff
  2950 | D:4      | Killed a hippogriff
  2950 | D:4      | Reached skill level 5 in Fighting
  2950 | D:4      | Reached skill level 5 in Armour
  2950 | D:4      | Reached XP level 7. HP: 31/61 MP: 6/6
  3433 | D:5      | Entered Level 5 of the Dungeon
  3442 | D:5      | Found a staircase to the Ecumenical Temple.
  3469 | Temple   | Entered the Ecumenical Temple
  3486 | Temple   | Became a worshipper of Warmaster Okawaru
  3585 | D:5      | Noticed Menkaure
  3588 | D:5      | Killed Menkaure
  3588 | D:5      | Reached skill level 6 in Long Blades
  3699 | D:5      | Noticed Prince Ribbit
  3721 | D:5      | Killed Prince Ribbit
  3721 | D:5      | Reached XP level 8. HP: 29/69 MP: 7/7
  3970 | D:5      | Noticed Eustachio
  4011 | D:5      | Killed Eustachio
  4011 | D:5      | Reached * piety under Okawaru
  4469 | D:6      | Reached skill level 7 in Long Blades
  4568 | D:6      | Found a blossoming altar of Fedhas.
  4803 | D:6      | You fall into a shaft and drop 2 floors!
  4891 | D:8      | Noticed Gastronok
  4910 | D:8      | Reached skill level 8 in Long Blades
  4921 | D:8      | Mangled by Gastronok

Levels and vault maps discovered:
D:1:      eino_arrival_cavern_e, layout_basic, minmay_misc_feat_rugged,
          minmay_misc_feat_nine_boxes
D:2:      layout_rooms
D:3:      layout_loops_ring, xom_butterflies, first_ration, uniq_robin,
          uniq_terence
D:4:      layout_gridville, kennysheep_ying_yang, grunt_temple_overflow_open,
          minmay_misc_feat_cross, uniq_duvessa
D:5:      layout_loops_ring, minmay_temple_entry_junction, uniq_menkaure,
          uniq_eustachio, uniq_prince_ribbit1
D:6:      layout_basic, old_standard_altar, serial_shops, shop
D:8:      layout_rooms, david_nohive_1, uniq_gastronok
Temple:   eino_temple_lava

Skill      XL: |  1  2  3  4  5  6  7  8 |
---------------+-------------------------+-----
Fighting       | 4 5 6 |  6.2
Armour         | 4 5 6 7 |  7.3
Long Blades    | 3 4 5 6 8 |  8.2
Shields        | 4 5 6 7 |  7.2
Dodging        | 1 2 |  2.6
Stealth        | |  0.6

Action                   |  1- 3 |  4- 6 |  7- 9 || total
-------------------------+-------+-------+-------++-------
Melee: Long sword        |    88 |   143 |   147 ||   378
       Headbutt          |     6 |    24 |    37 ||    67
Invok: Heroism           |       |       |     1 ||     1
  Use: Potion            |     2 |     1 |     1 ||     4
       Scroll            |       |       |     7 ||     7
  Eat: Chunk             |     1 |     5 |     4 ||    10
       Ration            |       |       |     1 ||     1
Armor: Scale mail        |    57 |    39 |       ||    96
       Chain mail        |       |    35 |    75 ||   110
Dodge: Dodged            |    28 |    42 |    32 ||   102
Block: Shield            |    45 |    99 |    73 ||   217
       Rpst.: Long sword |     8 |    11 |    13 ||    32
